 Dungeon Crawl Stone Soup version 0.24.0-13-gcf9b3192b9 (webtiles) character file.

Game seed: 12894679541674285900, levelgen mode: classic

18474 EnegeticOcto the Cleaver (level 12, -4/107 HPs)
             Began as a Minotaur Fighter on Nov 9, 2019.
             Was an Initiate of Gozag.
             Slain by an orc knight
             ... wielding a +0 great sword
              (6 damage)
             ... on level 1 of the Orcish Mines.
             The game lasted 00:08:12 (12141 turns).

EnegeticOcto the Cleaver (Minotaur Fighter)        Turns: 12141, Time: 00:08:12

Health: -4/107     AC: 26    Str: 25    XL:     12   Next: 28%
Magic:  15/15      EV: 15    Int:  5    God:    Gozag
Gold:   1864       SH: 12    Dex: 11    Spells: 11/11 levels left

rFire    + . .     SeeInvis .   I - +0 broad axe
rCold    . . .     Gourm    .   c - +0 shield
rNeg     . . .     Faith    .   H - +6 plate armour {rF+}
rPois    .         Spirit   .   (helmet restricted)
rElec    .         Reflect  .   y - +1 cloak
rCorr    .         Harm     .   g - +0 pair of gloves
MR       .....                  b - +0 pair of boots
Stlth    ..........             (no amulet)
HPRegen  0.27/turn              N - +3 ring of evasion
MPRegen  0.14/turn              s - +2 ring of evasion

@: gold aura, berserk cooldown, slowed, very slow
A: retaliatory headbutt, horns 2
a: Potion Petition, Call Merchant, Bribe Branch, Renounce Religion


You were on level 1 of the Orcish Mines.
You worshipped Gozag.
Gozag was most pleased with you.
You were not hungry.

You visited 2 branches of the dungeon, and saw 13 of its levels.

You collected 3113 gold pieces.
You spent 746 gold pieces at shops.
You paid 503 gold pieces to Gozag.

Inventory:

Hand Weapons
 a - a +0 war axe
 z - a +7 flail of protection
 I - a +0 broad axe (weapon)
Missiles
 C - a throwing net (quivered) {!f}
Armour
 b - a +0 pair of boots (worn)
 c - a +0 shield (worn)
 g - a +0 pair of gloves (worn)
 y - a +1 cloak (worn)
 H - a +6 plate armour of fire resistance (worn)
Jewellery
 q - an uncursed ring of protection from fire
 s - a +2 ring of evasion (right hand)
 L - an uncursed ring of see invisible
 N - a +3 ring of evasion (left hand)
Wands
 A - a wand of flame (32)
 B - a wand of disintegration (14)
 E - a wand of iceblast (3)
 G - a wand of polymorph (23)
Scrolls
 f - 4 scrolls of teleportation {@r3 !r}
 h - a scroll of identify {@r1}
 i - 2 scrolls of fear {!r}
 j - 2 scrolls of magic mapping {@r5 !r}
 k - 4 scrolls of immolation
 l - a scroll of remove curse {@r2}
 o - a scroll of noise
 r - 2 scrolls of fog {!r}
 x - 3 scrolls of enchant weapon
 K - a scroll of enchant armour
 M - a scroll of silence
Potions
 d - 2 potions of might {@q3 !q}
 n - a potion of heal wounds {@q2 !q}
 p - 4 potions of mutation
 t - a potion of brilliance
 u - 4 potions of flight
 v - a potion of ambrosia
 D - 3 potions of lignification {@q6}
 F - a potion of haste {@q4 !q}
 J - a potion of invisibility
 O - a potion of degeneration {unknown}
Comestibles
 e - 15 rations


   Skills:
 + Level 10.4 Fighting
 * Level 13.6 Axes
 + Level 10.4 Armour
 + Level 8.9 Dodging
 + Level 10.4 Shields
 + Level 6.0 Evocations


You had 11 spell levels left.
You didn't know any spells.
Your spell library contained the following spells:

 Spells                   Type           Power        Failure   Level  Hunger
 Animate Skeleton         Necr           N/A          100%        1    ##.....
 Apportation              Tloc           #.....       100%        1    ##.....
 Confusing Touch          Hex            #.....       100%        1    ##.....
 Summon Small Mammal      Summ           #...         100%        1    ##.....
 Confuse                  Hex            #.......     100%        3    ####...
 Gell's Gravitas          Tloc           #.........   100%        3    ####...
 Petrify                  Tmut/Erth      #.......     100%        4    #####..
 Metabolic Englaciation   Hex/Ice        #.........   100%        5    ######.
 Yara's Violent Unravell  Hex/Tmut       #.........   100%        5    ######.


Dungeon Overview and Level Annotations

Branches:
Dungeon (11/15)            Temple (0/1) D:7            Lair (0/6) D:8
    Orc (2/2) D:11
    Elf: Orc:2

Altars:
Ashenzari
Cheibriados
Dithmenos
Gozag
Hepliaklqana
Makhleb
Okawaru
Qazlal
Sif Muna
Trog
Vehumet
Wu Jian
Xom

Shops:
D:5 [   D:8 (   D:9 !

Portals:
Trove: D:11 (give +3 gold dragon scales)


Innate Abilities, Weirdness & Mutations

You reflexively headbutt those who attack you in melee.
You have a pair of horns on your head.


Message History

You slash the orc warrior!
You kill the orc warrior!
You hit the orc warrior. You closely miss the orc wizard.
You feel sick.
You hear a shout! x2
The orc warrior misses you. The orc wizard casts a spell at you.
The magic dart hits you but does no damage.
An orc warrior comes into view. It is wielding a +0 mace.
The orc barely misses you.
An orc warrior comes into view. It is wielding a +0 mace.
You feel sick.
The orc warrior shouts!
You hear a shout!
The orc warrior misses you.
The orc wizard hits you but does no damage.
The orc warrior moves out of view.
You feel sick.
The orc wizard mumbles some strange words.
The orc wizard blinks!
An orc comes into view. It is wielding a +0 falchion.
The orc wizard points at you and mumbles some strange words.
You easily resist.
The orc priest casts a cantrip, but nothing happens.
You feel sick.
The orc wizard hits you but does no damage.
The orc priest invokes the aid of Beogh against you.
Beogh smites you!
* * * LOW HITPOINT WARNING * * *
The orc wizard hits you but does no damage.
The orc warrior closely misses you. You furiously retaliate!
You headbutt the orc warrior, but do no damage.
The ogre hits you with a +0 giant club.
* * * LOW HITPOINT WARNING * * *
You closely miss the orc wizard. You closely miss the orc warrior.
You hit the ogre but do no damage. You closely miss the orc.
You block the orc's attack.
The orc priest casts a cantrip, but nothing happens.
The orc wizard completely misses you. You furiously retaliate!
You headbutt the orc wizard! You block the ogre's attack.
You slice the orc wizard!!
You kill the orc wizard!
You closely miss the orc knight.
Your plate armour prevents you from hitting the ogre.
You hit the orc warrior.
The orc no longer looks unusually strong.
An orc priest comes into view. It is wielding a +0 mace.
The orc warrior barely misses you. You block the ogre's attack.
Really quaff
n - 2 potions of heal wounds {@q2 !q}?
You feel much better.
You feel sick.
The orc priest no longer looks unusually strong.
An ogre comes into view. It is wielding a +0 giant club.
You block the orc warrior's attack. The orc misses you.
The ogre hits you but does no damage. The orc knight misses you.
You furiously retaliate!
You headbutt the orc knight, but do no damage.
The orc warrior no longer looks unusually strong.
The orc warrior hits you but does no damage.
The orc knight closely misses you. You furiously retaliate!
You headbutt the orc knight, but do no damage.
The orc warrior hits you but does no damage.
There is a stone staircase leading up here.
Things that are here:
4 gold pieces; a +0 dagger; a +0 robe You hear the faint crackling of a melting archway.
You feel sick.
The orc no longer looks unusually strong.
You block the orc's attack.
The orc warrior hits you but does no damage.
You block the orc warrior's attack. You block the orc knight's attack.
The ogre barely misses you.
You climb upwards.
There is a stone staircase leading down here.
You closely miss the orc knight. Your headbutt misses the orc knight.
You closely miss the orc warrior.
You hit the orc warrior but do no damage.
You slice the orc!!
You kill the orc!
The orc warrior no longer looks unusually strong.
You block the orc warrior's attack.
The orc warrior hits you with a +0 mace!
The orc knight roars a battlecry!
The orc warriors go into a battle-frenzy!
The orc warrior hits you with a +0 mace!!
* * * LOW HITPOINT WARNING * * *
You slice the orc knight!!
The orc knight is moderately wounded.
You hit the orc warrior.
You hit the orc warrior but do no damage.
You feel sick.
You are no longer poisoned.
The orc knight barely misses you. You block the orc warrior's attack.
The orc warrior hits you with a +0 mace!!
* * * LOW HITPOINT WARNING * * *
You closely miss the orc knight. You headbutt the orc knight.
The orc knight is moderately wounded.
You slash the orc warrior!
You hit the orc warrior but do no damage.
You block the orc warrior's attack.
The orc knight hits you with a +0 great sword.
You die...
Your body crumbles into a pile of gold.

###.......#.........# ### #...
##................####.###..# #
##................###....#...#
####..................#....#....#
..#............................##
...........................#..##
............)..................#
...........)[[..o.............##
...........[[).<@o............#
...#.......)[[.o$.....#...#...#
......................##.....##
.....#.........[.......##.....###
.................[....##.#......#
..#.......................#.#....
##.#..)#.................####...#
......###.................# ##.##
#....###..................####.##


You could see an orc knight and 2 orc warriors.

Vanquished Creatures
  Rupert (Orc:2)
  Erolcha (D:11)
  Harold (Orc:1)
  A vault guard (D:11)
  A two-headed ogre (D:9)
  An orc sorcerer (Orc:1)
  2 trolls (Orc:1)
  A hornet (D:8)
  A hippogriff (D:5)
  4 hogs (D:11)
  21 yaks (D:11)
  A wyvern (D:9)
  A human (D:11)
  3 hungry ghosts
  Grum (D:8)
  Edmund (D:5)
  4 wargs
  A water moccasin (D:11)
  3 porcupines (D:8)
  11 orc warriors
  2 sky beasts
  3 ice beasts
  6 ogres
  2 wolves (D:8)
  2 centaurs
  A crocodile (D:8)
  A big kobold (D:8)
  Blork the orc (D:4)
  4 bullfrogs
  A water moccasin zombie (D:8)
  5 scorpions
  2 howler monkeys
  3 killer bees (D:7)
  4 crimson imps
  A quasit (D:7)
  2 jellies
  10 orc priests
  6 hounds
  13 orc wizards
  2 bullfrog skeletons
  A centaur skeleton (D:10)
  Crazy Yiuf (D:4)
  3 worker ants
  6 iguanas
  Ijyb (D:5)
  A killer bee zombie (D:7)
  A hound skeleton (D:6)
  20 adders
  A howler monkey skeleton (D:5)
  4 shadow imps
  2 adder skeletons
  3 worms
  4 dart slugs
  5 leopard geckos
  51 orcs
  2 ball pythons
  7 bats
  7 giant cockroaches
  6 goblins
  6 hobgoblins
  4 jackals (D:1)
  6 kobolds
  2 quokkas
  4 frilled lizards
  A leopard gecko skeleton (D:4)
  A leopard gecko zombie (D:6)
  2 quokka skeletons
  A quokka zombie (D:8)
  9 rats
294 creatures vanquished.

Vanquished Creatures (others)
  An orc (D:8)
  3 fungi (D:8)
4 creatures vanquished.

Grand Total: 298 creatures vanquished

Notes
Turn   | Place    | Note
-------+----------+-------------------------------------------
     0 | D:1      | EnegeticOcto the Minotaur Fighter began the quest for the
                  | Orb.
     0 | D:1      | Reached XP level 1. HP: 19/19 MP: 0/0
   381 | D:1      | Reached XP level 2. HP: 27/27 MP: 1/1
   439 | D:1      | Reached skill level 3 in Axes
   963 | D:2      | Reached skill level 1 in Dodging
   963 | D:2      | Reached XP level 3. HP: 25/33 MP: 2/2
  1677 | D:2      | Reached XP level 4. HP: 40/40 MP: 3/3
  2123 | D:3      | Reached skill level 4 in Axes
  2192 | D:3      | Reached XP level 5. HP: 46/46 MP: 4/4
  3031 | D:4      | Reached XP level 6. HP: 50/53 MP: 5/5
  3143 | D:4      | Reached skill level 5 in Axes
  3695 | D:4      | Noticed Blork the orc
  3704 | D:4      | Killed Blork the orc
  3704 | D:4      | Reached skill level 5 in Armour
  3785 | D:4      | Found a runed translucent door.
  3786 | D:4      | Noticed Crazy Yiuf
  4050 | D:4      | Found a shimmering blue altar of Sif Muna.
  4055 | D:4      | Found a shadowy altar of Dithmenos.
  4058 | D:4      | Found an opulent altar of Gozag.
  4081 | D:4      | Found a hazy altar of Hepliaklqana.
  4283 | D:4      | Killed Crazy Yiuf
  4283 | D:4      | Reached skill level 5 in Fighting
  4283 | D:4      | Reached XP level 7. HP: 47/61 MP: 6/6
  4384 | D:5      | Entered Level 5 of the Dungeon
  4388 | D:5      | Reached skill level 5 in Shields
  4393 | D:5      | Reached skill level 6 in Axes
  4595 | D:5      | Found Hezxucoo's Armour Boutique.
  4620 | D:5      | HP: 1/61 [something (5)]
  4665 | D:4      | Became a worshipper of Gozag Ym Sagoz the Greedy
  4980 | D:5      | Noticed Edmund
  5007 | D:5      | Killed Edmund
  5234 | D:5      | Found an ornate altar of the Wu Jian Council.
  5304 | D:5      | Found a shattered altar of Ashenzari.
  5311 | D:5      | Noticed Ijyb
  5319 | D:5      | Killed Ijyb
  5392 | D:5      | Reached XP level 8. HP: 69/69 MP: 7/7
  5400 | D:5      | Reached skill level 7 in Axes
  5401 | D:5      | Found a burning altar of Makhleb.
  5518 | D:5      | Noticed a hippogriff
  5529 | D:5      | Killed a hippogriff
  5768 | D:5      | You fall into a shaft and drop 1 floor!
  5950 | D:6      | Reached skill level 8 in Axes
  6641 | D:7      | Found a staircase to the Ecumenical Temple.
  6754 | D:7      | Reached XP level 9. HP: 78/78 MP: 8/8
  6799 | D:7      | Found a shimmering altar of Xom.
  6807 | D:7      | Reached skill level 5 in Dodging
  7022 | D:5      | Bought a +4 plate armour of fire resistance for 650 gold
                  | pieces
  7052 | D:5      | Reached skill level 11 in Axes
  7052 | D:5      | Reached XP level 10. HP: 90/90 MP: 8/11
  7872 | D:8      | Paralysed by a hornet for 1 turns
  8061 | D:8      | Found an iron altar of Okawaru.
  8061 | D:8      | Found a stormy altar of Qazlal.
  8169 | D:8      | Found a radiant altar of Vehumet.
  8170 | D:8      | Found a burning altar of Makhleb.
  8229 | D:8      | Noticed Grum
  8242 | D:8      | Killed Grum
  8393 | D:8      | Found Rusk's Antique Weapon Emporium.
  8428 | D:8      | Found a staircase to the Lair.
  8577 | D:8      | Found a snail-covered altar of Cheibriados.
  8729 | D:9      | Found a bloodstained altar of Trog.
  8893 | D:9      | Noticed a two-headed ogre
  8900 | D:9      | Killed a two-headed ogre
  8989 | D:9      | Found Ynnoent's Distillery.
  8994 | D:9      | Bought a potion of invisibility for 96 gold pieces
  9412 | D:10     | Entered Level 10 of the Dungeon
  9687 | D:10     | Reached skill level 12 in Axes
 10098 | D:11     | Reached XP level 11. HP: 92/97 MP: 13/13
 10247 | D:11     | Reached skill level 5 in Evocations
 10403 | D:11     | Found a staircase to the Orcish Mines.
 10550 | D:11     | Noticed Erolcha
 10560 | D:11     | Killed Erolcha
 11143 | D:11     | Noticed a vault guard
 11161 | D:11     | Killed a vault guard
 11161 | D:11     | Reached skill level 10 in Fighting
 11161 | D:11     | Reached skill level 10 in Armour
 11166 | D:11     | Found a portal to a secret trove of treasure.
 11373 | Orc:1    | Entered Level 1 of the Orcish Mines
 11383 | Orc:1    | Noticed Harold
 11384 | Orc:1    | Reached skill level 13 in Axes
 11392 | Orc:1    | Noticed an orc sorcerer
 11394 | Orc:1    | Reached skill level 10 in Shields
 11406 | Orc:1    | Noticed a sixfirhy
 11407 | Orc:1    | Killed Harold
 11418 | Orc:1    | Killed an orc sorcerer
 11418 | Orc:1    | Reached XP level 12. HP: 53/106 MP: 15/15
 12090 | Orc:2    | Entered Level 2 of the Orcish Mines
 12095 | Orc:2    | Noticed Rupert
 12126 | Orc:2    | Killed Rupert
 12140 | Orc:1    | HP: 2/107 [orc warrior/+0 mace (18)]
 12141 | Orc:1    | Slain by an orc knight

Levels and vault maps discovered:
D:1:      wheals_arrival_linesprint, layout_loops_ring
D:2:      layout_basic, first_ration
D:3:      layout_basic, kennysheep_nub, minmay_cut_off
D:4:      layout_basic, grunt_temple_overflow_cloverleaf, uniq_blork_the_orc,
          uniq_crazy_yiuf_cottage
D:5:      layout_loops_ring, overflow_temple_1_default, evilmike_ruin_ashenzari,
          serial_shops, nicolae_shop_crystal, makhleb_heckhound_becter,
          uniq_ijyb, uniq_edmund
D:6:      layout_basic, hangedman_decor_peaks_small, minmay_holes
D:7:      layout_basic, minmay_temple_entry_junction, brannock_xom_greatest_gift
D:8:      layout_loops_ring, grunt_temple_overflow_lords_of_destruction,
          lemuel_round_altar, gammafunk_temple_overflow_wave,
          grunt_lair_entry_orc_guard_hut, serial_shops,
          nicolae_shop_temple_entry_statues_fountains, uniq_grum
D:9:      layout_irregular_city, basic_altar, serial_shops,
          kennysheep_little_box
D:10:     layout_loops_ring
D:11:     layout_loops_corners, erik_orc_4, enter_trove_5, grunt_livestock,
          lemuel_nasty_fountain, uniq_erolcha
Orc:1:    layout_caves, uniq_harold
Orc:2:    grunt_orc_gardens, layout_caves, grunt_orc_garden, grunt_orc_garden,
          grunt_orc_garden, grunt_orc_garden, ebering_ghost_disaster_area,
          portal_ice_cave_demonic_guard, uniq_rupert

Skill      XL: |  1  2  3  4  5  6  7  8  9 10 11 12 |
---------------+-------------------------------------+-----
Axes           | 3 4 5 6 8 11 12 13 | 13.6
Armour         | 4 5 6 8 9 10 | 10.4
Dodging        | 1 2 3 4 7 8 |  8.9
Shields        | 4 5 6 8 9 10 | 10.4
Fighting       | 4 5 6 8 9 10 | 10.4
Evocations     | 3 4 5 6 |  6.0

Action                   |  1- 3 |  4- 6 |  7- 9 | 10-12 || total
-------------------------+-------+-------+-------+-------++-------
Melee: War axe           |    77 |   150 |    66 |       ||   293
       Headbutt          |     6 |    25 |    28 |   102 ||   161
       Flail             |       |       |   147 |   404 ||   551
       Broad axe         |       |       |       |    72 ||    72
Invok: Potion Petition   |       |       |       |     2 ||     2
  Use: Scroll            |       |       |    19 |     4 ||    23
       Potion            |       |       |     1 |     4 ||     5
 Stab: Distracted        |       |       |       |     1 ||     1
  Eat: Chunk             |     2 |     9 |     1 |       ||    12
       Ration            |       |       |     2 |     7 ||     9
Armor: Scale mail        |    33 |    30 |    89 |       ||   152
       Plate armour      |       |       |       |   193 ||   193
Dodge: Dodged            |    22 |    40 |    88 |   226 ||   376
Block: Shield            |    40 |    68 |    90 |   292 ||   490
